 Dungeon Crawl Stone Soup version 0.29-a0-1019-g84f7d21838 (webtiles) character file.

Game seed: 5722720233231609948

22672 runemasterragnar the Fighter (level 12, -1/106 HPs)
             Began as a Red Draconian Transmuter on Aug 11, 2022.
             Was an Initiate of Gozag.
             Slain by a boulder beetle (47 damage)
             ... on level 12 of the Dungeon.
             The game lasted 00:50:34 (16885 turns).

runemasterragnar the Fighter (DrTm)                Turns: 16885, Time: 00:50:34

Health: -1/106     AC: 10    Str: 13    XL:     12   Next: 65%
Magic:  25/25      EV: 20    Int: 15    God:    Gozag
Gold:   772        SH:  0    Dex: 15    Spells: 16/29 levels left

rFire   + . .      SeeInvis .     - Unarmed
rCold   . . .      Faith    .   (no shield)
rNeg    . . .      Spirit   .   (body armour unavailable)
rPois   +          Reflect  .   (helmet currently unavailable)
rElec   .          Harm     .   H - +0 cloak {rCorr}
rCorr   +          Rampage  .   d - +0 pair of gloves
Will    .....                   (boots currently unavailable)
Stlth   +.........              (no amulet)
HPRegen 0.27/turn               a - ring of poison resistance
MPRegen 0.19/turn               e - +4 ring of evasion

@: short of breath, appendages, gold aura, hasted, studying 3 skills, very quick
A: horns 2, talons 2, breathe fire, AC +8, unfitting armour, fire resistance 1,
cold-blooded
a: Breathe Fire, End Transformation, Renounce Religion, Potion Petition, Call
Merchant, Bribe Branch


You were on level 12 of the Dungeon.
You worshipped Gozag.
Gozag was pleased with you.
You had temporarily grown beastly horns and talons.
You visited 2 branches of the dungeon, and saw 15 of its levels.
You also visited: Gauntlet.

You collected 3578 gold pieces.
You spent 1378 gold pieces at shops.
You paid 1428 gold pieces to Gozag.

Inventory:

Hand Weapons
 g - the +5 long sword of Embarrassment {pain, rC+ rN+}
   (You found it on level 6 of the Dungeon)

   In the hands of one skilled in necromantic magic, it inflicts extra damage on
   living creatures.
   rC:        It protects you from cold.
   rN:        It protects you from negative energy.
 i - the +7 trident of the Crushed Souls {holy, Contam rElec rPois rF+++}
   (You took it off a minotaur in a Gauntlet)

   It has been blessed by the Shining One to cause great damage to the undead
   and demons.
   rF:        It renders you almost immune to fire.
   rElec:     It insulates you from electricity.
   rPois:     It protects you from poison.
   Contam:    It causes magical contamination when unequipped.
Armour
 d - a +0 pair of gloves (worn)
 w - a +2 pair of boots (melded)
 A - a +0 pair of gloves
 E - the +10 tower shield of Ignorance {rN+ Int-4}
   (You found it in a Gauntlet)

   Int:       It affects your intelligence (-4).
   rN:        It protects you from negative energy.
 F - the +2 hat of the Mackerel (melded) {Will+ Int+2 Dex+4 SInv}
   (You found it in a Gauntlet)

   Int:       It affects your intelligence (+2).
   Dex:       It affects your dexterity (+4).
   SInv:      It lets you see invisible.
   Will:      It increases your willpower.
 H - a +0 cloak of preservation (worn)
 J - the +2 hat of the Baker {Harm MP+9 Dex+4 Stlth-}
   (You found it in a Gauntlet)

   Dex:       It affects your dexterity (+4).
   MP:        It affects your magic capacity (+9).
   Harm:      It increases damage dealt and taken.
   Stlth:     It makes you less stealthy.
Magical Staves
 v - a staff of earth
 I - a staff of cold
Jewellery
 a - a ring of poison resistance (left hand)
 e - a +4 ring of evasion (right hand)
 K - a +6 ring of intelligence
 L - a ring of see invisible
Wands
 m - a wand of quicksilver (1)
 y - a wand of flame (2)
Scrolls
 b - a scroll of butterflies
 h - a scroll of poison
 l - 2 scrolls of amnesia
 p - 5 scrolls of identify
 q - 2 scrolls of teleportation
 r - 2 scrolls of magic mapping
 s - 3 scrolls of enchant armour
 x - a scroll of silence
 B - 3 scrolls of brand weapon
 G - a scroll of enchant weapon
Potions
 c - a potion of degeneration
 f - 2 potions of ambrosia
 j - 7 potions of curing
 k - a potion of invisibility
 n - 3 potions of brilliance
 t - a potion of mutation
Miscellaneous
 D - a box of beasts (inert)


   Skills:
 - Level 9.9 Fighting
 - Level 8.4 Dodging
 - Level 9.6 Unarmed Combat
 + Level 9.0 Spellcasting
 * Level 4.7 Conjurations
 - Level 9.1 Transmutations
 * Level 8.2 Fire Magic
 + Level 3.1 Poison Magic


You had 16 spell levels left.
You knew the following spells:

 Your Spells              Type           Power      Damage    Failure   Level
a - Beastly Appendage     Tmut           68%        N/A       1%          1
b - Spider Form           Tmut/Pois      25%        N/A       2%          3
c - Wereblood             Tmut           34%        N/A       1%          2
d - Sticky Flame          Conj/Fire      26%        2d5       8%          4
e - Ignite Poison         Fire/Tmut/Pois 27%        N/A       1%          3

Your spell library contained the following spells:

 Spells                   Type           Power      Damage    Failure   Level
 Conjure Flame            Conj/Fire      26%        6-21      2%          3
 Necrotise                Necr           24%        1d5       11%         1
 Blink                    Tloc           12%        N/A       16%         2
 Ice Form                 Ice/Tmut       20%        N/A       16%         4
 Frozen Ramparts          Ice            12%        1d2       32%         3
 Vampiric Draining        Necr           6%         2d6       32%         3
 Summon Ice Beast         Ice/Summ       6%         N/A       71%         4
 Agony                    Necr           6%         N/A       96%         5
 Dispersal                Tloc           3%         N/A       100%        6
 Malign Gateway           Summ/Tloc      3%         N/A       100%        7
 Corpse Rot               Necr/Pois/Air  Unusable   N/A       N/A         4

Dungeon Overview and Level Annotations

Branches:
Dungeon (13/15)            Temple (0/1) D:6             Orc (2/2) D:10
    Elf (0/3) Orc:2       Gauntlet (visited)
   Lair: D:8-11      Vaults: D:13-14

Altars:
Elyvilon
Fedhas
Gozag
Hepliaklqana
Nemelex Xobeh
Ru
Trog
Vehumet
Wu Jian
Xom

Shops:
D:5 =   D:7 ?   D:10 =:

Portals:
Trove: D:10 (show slimy rune of Zot)

Annotations:
D:4 2 transporters
D:12 exclusion: oklob plant


Innate Abilities, Weirdness & Mutations

You have temporarily grown beastly horns and talons.
You can breathe blasts of fire.
Your fiery red scales are hard. (AC +8)
You cannot fit into any form of body armour.
Your flesh is heat resistant. (rF+)
You are cold-blooded and may be slowed by cold attacks.


Message History

Your transformation is almost over.
Your transformation has ended.
Your +0 cloak of preservation unmelds from your body.
The +2 hat of the Mackerel {Will+ Int+2 Dex+4 SInv} unmelds from your body.
Your +0 pair of gloves unmelds from your body.
Your +2 pair of boots unmelds from your body.
A shadow comes into view.
The shadow slips into darkness.
The shadow flickers and vanishes for a moment.
The yak bellows!
The yak barely misses you.
The shadow is sucked into a shaft!
The shaft crumbles and collapses.
Aiming: Breathe Fire (2% risk of failure)
Press: ? - help, Shift-Dir - straight line, f - yak
Aim: a yak (83% to hit)
You breathe a blast of fire.
The fiery breath hits the yak!!
The yak is heavily wounded.
Unknown command.
Unknown command.
Casting: Spider Form (mildly dangerous; 2% risk of failure)
Confirm with . or Enter, or press ? or * to list all spells.
You grow a pair of large bovine horns.
Your feet morph into talons.
The +2 hat of the Mackerel {Will+ Int+2 Dex+4 SInv} melds into your body.
Your +2 pair of boots melds into your body.
The yak barely misses you.
You hit the yak. Your headbutt misses the yak.
The yak is heavily wounded.
The yak misses you.
You barely miss the yak. You claw the yak. You headbutt the yak.
The yak is severely wounded.
You punch the yak!
You kill the yak!
A boulder beetle comes into view.
The boulder beetle moves out of view.
You now have 772 gold pieces (gained 22).
The boulder beetle curls into a ball and begins rolling!
The boulder beetle attacks as you move away!
The boulder beetle hits you!!!
You die...
Your body crumbles into a pile of gold.

#.# #.........
#)#### ##>.......
#.##.######.#.##.##
##.##........#.#
+#$
#............#.#
##.##.#........#
#.##.##.#...#.
##.##.##.#...#.
#..@...........#
##B##..........#
#..○°...°...####
##.##.##.#.## $ $
#.##.##.#.# $ . #
#.#####.#.# $.# #.#
#...# .# #.# ## e
#.# #


You could see a boulder beetle (rolling).

Vanquished Creatures
  A minotaur (Gauntlet)
  A centaur warrior (D:12)
  8 two-headed ogres
  A cyclops (D:12)
  An orc sorcerer (Orc:1)
  A wolf spider (D:12)
  An ice statue (Gauntlet)
  A rime drake (Gauntlet)
  4 trolls
  A saltling (Orc:2)
  2 hornets (D:9)
  2 wraiths
  5 shadows
  33 yaks
  2 wyverns
  2 vampire mosquitoes
  2 steam dragons
  Grum (D:9)
  A warg (Orc:2)
  5 water moccasins
  13 orc warriors
  A black bear (D:7)
  A sky beast (D:7)
  3 wolves (D:9)
  5 centaurs
  4 ogres
  An ogre (shapeshifter) (D:12)
  3 phantoms
  A kobold brigand (D:10)
  3 gnoll sergeants
  A necrophage (D:7)
  2 scorpions (D:5)
  20 wights
  7 killer bees
  An electric eel (D:7)
  4 howler monkeys
  4 hounds
  5 orc priests
  2 gnoll boudas
  3 jellies
  Crazy Yiuf (D:3)
  2 iguanas
  15 orc wizards
  Terence (D:2)
  A mummy (D:7)
  7 adders
  19 gnolls
  An ufetubus (D:5)
  5 dart slugs
  44 orcs
  8 ball pythons
  2 bats (D:2)
  5 endoplasms
  4 giant cockroaches
  5 goblins
  9 hobgoblins
  6 quokkas
  3 frilled lizards
  A hobgoblin zombie (D:7)
  2 kobold zombies (D:7)
  An orc zombie (D:7)
  6 rats
307 creatures vanquished.

Vanquished Creatures (collateral kills)
  A vampire mosquito (D:12)
  A scorpion (D:4)
2 creatures vanquished.

Vanquished Creatures (others)
  A vampire mosquito (D:12)
  A necrophage (D:5)
  A wight (D:7)
  14 demonic plants (Gauntlet)
  7 pillars of salt (Orc:2)
  12 toadstools (D:12)
36 creatures vanquished.

Grand Total: 345 creatures vanquished

Notes
Turn   | Place    | Note
-------+----------+-------------------------------------------
     0 | D:1      | runemasterragnar the Draconian Transmuter began the quest
                  | for the Orb.
     0 | D:1      | Reached XP level 1. HP: 16/16 MP: 3/3
   125 | D:1      | Reached XP level 2. HP: 17/23 MP: 3/5
   625 | D:1      | Reached XP level 3. HP: 22/29 MP: 4/6
   758 | D:2      | Found an opulent altar of Gozag.
   764 | D:2      | Became a worshipper of Gozag Ym Sagoz the Greedy
   853 | D:2      | Noticed Terence
   859 | D:2      | Learned a level 3 spell: Spider Form
   872 | D:2      | Killed Terence
  1265 | D:2      | Reached XP level 4. HP: 36/36 MP: 5/7
  1551 | D:3      | Found a faded altar of an unknown god.
  1678 | D:3      | Found a runed translucent door.
  1679 | D:3      | Noticed Crazy Yiuf
  2070 | D:3      | Found a sacrificial altar of Ru.
  2084 | D:3      | Reached XP level 5. HP: 39/42 MP: 6/9
  2371 | D:3      | Found a white marble altar of Elyvilon.
  2481 | D:3      | Killed Crazy Yiuf
  2579 | D:3      | Learned a level 2 spell: Wereblood
  2834 | D:4      | Found a transporter.
  2835 | D:4      | Found a transporter.
  2907 | D:4      | Reached XP level 6. HP: 25/51 MP: 4/10
  3562 | D:5      | Entered Level 5 of the Dungeon
  3675 | D:5      | Found Zaejelem's Jewellery Shoppe.
  3696 | D:5      | Bought a ring of poison resistance for 240 gold pieces
  3899 | D:5      | Your scales start taking on a fiery red colour.
  3899 | D:5      | Reached XP level 7. HP: 57/58 MP: 7/12
  3899 | D:5      | Gained mutation: Your flesh is heat resistant. (rF+) [Red
                  | Draconian growth]
  4433 | D:5      | Found an opulent altar of Gozag.
  4726 | D:5      | Reached skill level 5 in Unarmed Combat
  4759 | D:5      | Reached XP level 8. HP: 67/67 MP: 6/14
  5297 | D:6      | Reached skill level 5 in Fighting
  5312 | D:6      | Found a staircase to the Ecumenical Temple.
  5427 | D:6      | Found a bloodstained altar of Trog.
  5470 | D:6      | Reached skill level 5 in Transmutations
  5656 | D:6      | Identified the +5 long sword of Embarrassment {pain, rC+
                  | rN+}
  5690 | D:6      | Found a radiant altar of Vehumet.
  5884 | D:7      | Reached skill level 5 in Dodging
  5884 | D:7      | Reached skill level 5 in Spellcasting
  5894 | D:7      | Reached XP level 9. HP: 50/75 MP: 16/16
  6260 | D:7      | Found Eqamp's Magic Scroll Emporium.
  7403 | D:7      | Bought a scroll of identify for 22 gold pieces
  7403 | D:7      | Bought a scroll of identify for 22 gold pieces
  7403 | D:7      | Bought a scroll of teleportation for 33 gold pieces
  7405 | D:7      | Bought 3 scrolls of identify for 66 gold pieces
  7406 | D:7      | Bought a scroll of blinking for 82 gold pieces
  7406 | D:7      | Bought a scroll of teleportation for 33 gold pieces
  7887 | D:8      | Reached XP level 10. HP: 84/86 MP: 12/19
  9051 | D:9      | Found a hazy altar of Hepliaklqana.
  9615 | D:9      | Noticed Grum
  9629 | D:9      | Killed Grum
 10564 | D:10     | Entered Level 10 of the Dungeon
 10569 | D:10     | Reached XP level 11. HP: 95/95 MP: 19/21
 10597 | D:10     | Found a sparkling altar of Nemelex Xobeh.
 10605 | D:10     | Noticed a two-headed ogre
 10617 | D:10     | Killed a two-headed ogre
 11038 | D:10     | Found a staircase to the Orcish Mines.
 11040 | D:10     | Identified the +1 scale mail of Mezcal {Slay+5}
 11204 | D:10     | Found an ornate altar of the Wu Jian Council.
 11211 | D:10     | Found a shimmering altar of Xom.
 11618 | D:10     | Found a portal to a secret trove of treasure.
 11836 | D:10     | Noticed a two-headed ogre
 11839 | D:10     | Noticed a two-headed ogre
 11851 | D:10     | Noticed a two-headed ogre
 11855 | D:10     | Killed a two-headed ogre
 11861 | D:10     | Killed a two-headed ogre
 11865 | D:10     | Killed a two-headed ogre
 12050 | D:11     | Noticed a skeletal warrior
 12050 | D:11     | Noticed a skeletal warrior
 12101 | Orc:1    | Entered Level 1 of the Orcish Mines
 12591 | Orc:1    | Noticed an orc sorcerer
 12609 | Orc:1    | Killed an orc sorcerer
 12858 | Orc:2    | Entered Level 2 of the Orcish Mines
 13333 | Orc:2    | Found a staircase to the Elven Halls.
 13436 | Orc:2    | Noticed an ettin
 14017 | D:10     | Bought a manual of Unarmed Combat for 880 gold pieces
 14096 | D:11     | Noticed a two-headed ogre
 14105 | D:11     | Killed a two-headed ogre
 14106 | D:11     | Reached XP level 12. HP: 81/106 MP: 21/24
 14113 | D:11     | Noticed a two-headed ogre
 14128 | D:10     | Learned a level 4 spell: Sticky Flame
 14132 | D:10     | Learned a level 3 spell: Ignite Poison
 14137 | D:11     | Noticed a seven-headed hydra
 14154 | D:11     | Killed a two-headed ogre
 14155 | D:11     | Reached skill level 1 in Conjurations
 14205 | D:12     | Found a gate leading to a gauntlet.
 14210 | Gauntlet | Entered a Gauntlet
 14210 | Gauntlet | Found a transporter.
 14225 | Gauntlet | Found the +10 tower shield of Ignorance {rN+ Int-4}
 14226 | Gauntlet | Found a transporter.
 14242 | Gauntlet | Found a transporter.
 14249 | Gauntlet | Found a transporter.
 14264 | Gauntlet | Noticed a ghost crab
 14275 | Gauntlet | Found a transporter.
 14284 | Gauntlet | Found a transporter.
 14296 | Gauntlet | Found a transporter.
 14301 | Gauntlet | Found a transporter.
 14315 | Gauntlet | Noticed a great orb of eyes
 14317 | Gauntlet | Found a transporter.
 14331 | Gauntlet | Found a transporter.
 14339 | Gauntlet | Noticed a death yak
 14339 | Gauntlet | Noticed a death yak
 14340 | Gauntlet | Noticed a death yak
 14341 | Gauntlet | Noticed a death yak
 14343 | Gauntlet | Found a transporter.
 14362 | Gauntlet | Found a transporter.
 14377 | Gauntlet | Found a transporter.
 14379 | Gauntlet | Found a transporter.
 14407 | Gauntlet | Found a transporter.
 14409 | Gauntlet | Found a transporter.
 14487 | Gauntlet | Found a transporter.
 14611 | Gauntlet | Reached skill level 1 in Poison Magic
 14628 | Gauntlet | Found a transporter.
 14948 | Gauntlet | Identified the +2 hat of the Mackerel {Will+ Int+2 Dex+4
                  | SInv}
 14967 | Gauntlet | Found the +4 moon troll leather armour {Spirit, Regen++
                  | MP+5}
 14967 | Gauntlet | Identified the +5 arbalest "Bag Osu" {vorpal, *Corrode
                  | +Blink Int-4 Stlth+}
 14967 | Gauntlet | Identified the +7 trident of the Crushed Souls {holy,
                  | Contam rElec rPois rF+++}
 14967 | Gauntlet | Noticed a minotaur
 14987 | Gauntlet | Killed a minotaur
 14995 | Gauntlet | Got the Volume of the Excursion
 14999 | Gauntlet | Got the Octavo of the Stormy Mausoleum
 15004 | Gauntlet | Identified the +2 hat of the Baker {Harm MP+9 Dex+4 Stlth-}
 15377 | D:12     | Reached skill level 5 in Fire Magic
 15695 | D:12     | Noticed a two-headed ogre
 15695 | D:12     | Noticed a centaur warrior
 16144 | D:12     | Noticed a two-headed ogre
 16156 | D:12     | Killed a two-headed ogre
 16159 | D:12     | Killed a two-headed ogre
 16298 | D:12     | Noticed a centaur warrior
 16323 | D:12     | Killed a centaur warrior
 16742 | D:12     | Found a blossoming altar of Fedhas.
 16827 | D:12     | Noticed a boulder beetle
 16833 | D:12     | Noticed a two-headed ogre
 16878 | D:12     | Noticed a boulder beetle
 16885 | D:12     | Slain by a boulder beetle

Illustrated notes

Levels and vault maps discovered:
D:1:      ebering_hopf_link, layout_rooms
D:2:      layout_loops_ring, basic_altar, uniq_terence
D:3:      layout_rooms, mainiacjoe_overflow_paths,
          nicolae_ru_great_annihilating_truth, nicolae_ecumenical_oubliette,
          uniq_crazy_yiuf_cottage
D:4:      gammafunk_steamed_eel, layout_cave_pools, hangedman_decor_points
D:5:      layout_cave_pods, nicolae_gozag_seed_capital, portal_sewer_entry_d,
          serial_shops, nicolae_shop_hallway_stairs, minmay_manual_mullet
D:6:      layout_basic, overflow_temple_1_default,
          mainiacjoe_overflow_boulevard, minmay_temple_entry_offerings,
          kennysheep_generic_room_11
D:7:      layout_basic, serial_shops, nicolae_inconvenience_store,
          dk_noncrumbling_3, minivault_4, minmay_mini_ossuary
D:8:      layout_rooms, feat_on_display
D:9:      layout_basic, mainiacjoe_overflow_alcove_2, uniq_grum
D:10:     cheibrodos_barr_body, layout_loops_ring, nemelex_diamond_rough_becter,
          amethyst_overflow_temple_binary, nicolae_trove_entry_free_sample,
          chequers_serial_rivers_room_b
D:11:     layout_rooms, david_lair_shrubbed, minmay_fractal_squares_5
D:12:     minmay_heptahexagon, layout_basic, gauntlet_entry_generic, tgw_fedhas
D:13:     layout_loops_ring, nicolae_shop_vocational
Orc:1:    layout_caves, basic_altar
Orc:2:    hellmonk_orc_salted, layout_caves

Skill      XL: |  1  2  3  4  5  6  7  8  9 10 11 12 |
---------------+-------------------------------------+-----
Dodging        | 2 3 4 5 6 7 8 |  8.4
Fighting       | 2 3 4 5 7 8 9 |  9.9
Transmutations | 3 4 5 6 7 9 |  9.1
Unarmed Combat | 4 5 6 7 8 9 |  9.6
Spellcasting   | 3 4 5 6 7 8 9 |  9.0
Conjurations   | 4 |  4.7
Fire Magic     | 8 |  8.2
Poison Magic   | 3 |  3.1

Action                   |  1- 3 |  4- 6 |  7- 9 | 10-12 || total
-------------------------+-------+-------+-------+-------++-------
Melee: Unarmed           |    86 |   139 |   259 |   648 ||  1132
       Kick              |    18 |    14 |    26 |    22 ||    80
       Headbutt          |    11 |     9 |    20 |     9 ||    49
       Tailslap          |     7 |     7 |    19 |    23 ||    56
       Punch             |     1 |     1 |     4 |     6 ||    12
 Cast: Beastly Appendage |    20 |    18 |    15 |    15 ||    68
       Spider Form       |     1 |     9 |    18 |    47 ||    75
       Wereblood         |       |     2 |    14 |    19 ||    35
       Ignite Poison     |       |       |       |     6 ||     6
       Sticky Flame      |       |       |       |     3 ||     3
Invok: Call Merchant     |       |       |       |     2 ||     2
 Abil: Breathe Fire      |       |       |    18 |    11 ||    29
Evoke: Wand              |       |       |     2 |     9 ||    11
       Box of beasts     |       |       |       |     1 ||     1
  Use: Scroll            |       |     9 |     8 |    10 ||    27
       Potion            |       |     2 |     5 |     9 ||    16
 Stab: Sleeping          |       |     1 |     1 |     1 ||     3
       Paralysed         |       |     1 |       |       ||     1
       Distracted        |       |       |     1 |     7 ||     8
       Invisible         |       |       |     5 |       ||     5
Armor: Skin              |    24 |    39 |    26 |    40 ||   129
Dodge: Dodged            |    45 |    82 |   265 |   634 ||  1026

Table legend: (Time is in decaauts)
 A = Elapsed time spent in this place.
 B = Non-inter-level travel time spent in this place.
 C = Inter-level travel time spent in this place.
 D = Time resting spent in this place.
 E = Time spent auto-exploring this place.
 F = Levels seen in this place.
 G = Mean time per level.
                   A        B        C        D        E       F      G
               +--------+--------+--------+--------+--------+-----+--------+
         Total |  16753 |  16233 |    520 |   2236 |  10428 |  16 | 1047.1 |
       Dungeon |  14054 |  13585 |    469 |   1716 |   9144 |  13 | 1081.1 |
  Orcish Mines |   1886 |   1835 |     51 |    236 |   1186 |   2 |  943.0 |
      Gauntlet |    811 |    811 |      0 |    284 |     98 |   1 |  811.0 |
               +--------+--------+--------+--------+--------+-----+--------+

Top non-repeatable levels by time:
     D:9: 2004 daAuts
     D:7: 1853 daAuts
    D:12: 1806 daAuts
    D:10: 1610 daAuts
     D:5: 1494 daAuts
   Orc:2: 1124 daAuts
     D:3: 1011 daAuts
     D:4: 946 daAuts
     D:8: 901 daAuts
     D:2: 837 daAuts
Gauntlet: 811 daAuts
   Orc:1: 762 daAuts
     D:1: 757 daAuts
     D:6: 720 daAuts
    D:11: 103 daAuts
